AoeStats
← perromelocoton

Arena

507070137Analyzed
2v2 RM · 14d ago on Sep 16, 2026· 64m 5s· 4 players
Game mode
Random Map
Map size
Medium (4 player)
Population
200
Speed
Normal
Resources
Standard
Victory
Conquest
Starting age
Dark Age
Ending age
Imperial Age
RankedLock teamsTeams togetherTeam positionsShared explorationLock speedFull tech treeHidden civsTurbo modeCheats
Victory
Defeat
🇪🇸 Britons · Spain
1000
+13
930
+16
🇩🇪 Dravidians · Germany
958
-15
🇩🇪 Japanese · Germany
913
-14
Bot LarryS
10:26 Loom
12:11 Feudal Age
13:58 Double-Bit Axe
16:46 Castle Age
14:55 Fletching
15:39 Horse Collar
15:51 Stone Mining
15:54 Gold Mining
17:41 Padded Archer Armor
22:22 Bow Saw
25:16 Wheelbarrow
24:28 Town Watch
25:02 Leather Archer Armor
24:26 Elite Skirmisher
27:06 Thumb Ring
30:54 Imperial Age
29:02 Bodkin Arrow
29:46 Ballistics
29:38 Masonry
29:42 Fortified Wall
32:41 Chemistry
32:09 Bracer
32:52 Ring Archer Armor
33:01 Elite Elephant Archer
34:20 Conscription
35:14 Wootz Steel
35:06 Medical Corps
38:46 Two-Man Saw
37:55 Scale Barding Armor
38:01 Forging
39:07 Siege Elephant
42:32 Chain Barding Armor
42:47 Iron Casting
Dorian
3:38 Loom
11:40 Feudal Age
12:39 Gold Mining
12:32 Horse Collar
15:02 Wheelbarrow
15:42 Town Watch
19:40 Castle Age
17:32 Town Watch
19:59 Double-Bit Axe
20:26 Heavy Plow
21:08 Gold Shaft Mining
22:20 Hand Cart
22:27 Bow Saw
25:04 Stone Mining
29:58 Town Patrol
35:17 Forging
35:08 Scale Mail Armor
35:13 Scale Barding Armor
35:08 Padded Archer Armor
34:59 Fletching
35:13 Yasama
36:19 Yasama
perromelocoton
7:19 Loom
10:21 Feudal Age
10:52 Double-Bit Axe
15:01 Castle Age
14:16 Wheelbarrow
13:29 Horse Collar
16:56 Wheelbarrow
19:25 Bow Saw
22:55 Heavy Plow
24:59 Hand Cart
25:02 Gold Mining
26:22 Fletching
29:43 Imperial Age
27:39 Ballistics
28:09 Bodkin Arrow
28:15 Padded Archer Armor
27:43 Pikeman
28:23 Squires
28:09 Gambesons
29:32 Arson
29:50 Scale Mail Armor
30:01 Forging
30:06 Leather Archer Armor
31:48 Conscription
31:31 Bracer
33:00 Chemistry
32:54 Yeomen
33:26 Ring Archer Armor
33:14 Chain Mail Armor
35:08 Two-Man Saw
34:45 Gold Shaft Mining
34:02 Halberdier
34:53 Stone Mining
35:48 Masonry
36:18 Iron Casting
36:55 Plate Mail Armor
37:00 Elite Longbowman
39:58 Blast Furnace
39:37 Man-at-Arms
39:47 Man-at-Arms
40:54 Long Swordsman
41:25 Two-Handed Swordsman
42:34 Champion
Sir Frederick Trollo
7:16 Loom
10:09 Feudal Age
13:22 Double-Bit Axe
17:22 Castle Age
27:06 Imperial Age
25:32 Bow Saw
25:06 Horse Collar
25:19 Gold Mining
25:22 Stone Mining
28:06 Wheelbarrow
27:44 Town Watch
29:16 Chemistry
28:12 Fletching
28:24 Padded Archer Armor
29:36 Hand Cart
31:04 Shatagni
31:41 Grand Trunk Road
32:05 Conscription
33:03 Gold Shaft Mining
33:05 Stone Shaft Mining
33:28 Thumb Ring
33:35 Heavy Plow
35:39 Bodkin Arrow
36:06 Town Patrol
37:04 Bracer
37:55 Ballistics
37:31 Murder Holes
38:06 Elite Skirmisher
40:03 Leather Archer Armor
42:34 Elite Ghulam
43:34 Forging
43:25 Scale Mail Armor
43:31 Squires
43:17 Arson
45:50 Ring Archer Armor
49:42 Caravan
50:59 Iron Casting
60:40 Blast Furnace
59:56 Chain Mail Armor
61:36 Two-Man Saw
Connection lost

Rejoining the realm…

Still unreachable

The connection could not be restored.

Session expired

The server has moved on; the page needs a fresh start.